 Dungeon Crawl Stone Soup version 0.31.0-32-g396128a36d (webtiles) character file.

Game seed: 7577428963142796149

2 Alphaeus the Ruffian (level 1, 13/13 HPs)
             Began as an Octopode Shapeshifter on Mar 19, 2024.
             Was an Initiate of Ru.
             Quit the game on level 1 of the Dungeon.
             The game lasted 00:00:15 (175 turns).

Alphaeus the Ruffian (Octopode Shapeshifter)         Turns: 175, Time: 00:00:15

Health: 13/13      AC:  1    Str: 13    XL:     1   Next: 30%
Magic:  1/1        EV: 13    Int: 12    God:    Ru [......]
Gold:   0          SH:  0    Dex: 11    Spells: 0/0 levels left

rFire   . .          .
                       - Unarmed
rCold   . . .        (no shield)
rNeg    . . .        (helmet currently unavailable)
rPois   .            (no amulet)
rElec   .            (no ring)
rCorr   .            (no ring)
SInv    .            (no ring)
Will    .....        (no ring)
Stlth   ++           (no ring)
HPRegen 0.22/turn    (no ring)
MPRegen 0.07/turn    (no ring)
                     (no ring)

%: no passive effects
@: beast-form
A: beast (slay +1), almost no armour, amphibious, 8 rings, camouflage 1,
gelatinous body 1, (nimble swimmer 1), tentacles
a: Begin Untransformation, Renounce Religion


You were on level 1 of the Dungeon.
You worshipped Ru.
Ru was noncommittal.
You were a hulking beast.
You visited 1 branch of the dungeon, and saw 1 of its levels.

Inventory:

Jewellery
 f - an amulet of guardian spirit
Talismans
 b - a beast talisman
 c - a flux talisman
Scrolls
 d - 3 scrolls of identify {unknown}
Potions
 a - 3 potions of lignification
 e - a potion of enlightenment {unknown}


   Skills:
 + Level 1.0 Fighting
 + Level 2.0 Dodging
 * Level 3.0 Unarmed Combat
 * Level 3.0 Shapeshifting


You couldn't memorise any spells.
You didn't know any spells.
Your spell library was empty.

Dungeon Overview and Level Annotations

Branches:
Dungeon (1/15)

Altars:
Ru

Shops:
D:1 ?


Innate Abilities, Weirdness & Mutations

You are a hulking beast.
Your limbs bulge with bestial killing power. (Slay +1)
You cannot wear most types of armour.
You are amphibious.
You can wear up to eight rings at the same time.
Your skin changes colour to match your surroundings (Stealth+).
Your rubbery body absorbs attacks. (AC +1, EV +1)
((You are camouflaged when in or above water. (Stealth+)))
You have tentacles for arms and can constrict up to eight enemies at once.


Message History

Things that are here:
a +0 dagger; a stone; a kobold corpse
Found Doiz's Magic Scroll Shop.
No target in view!
d - 2 scrolls labelled KESHRI LEBBAIL (gained 1)
You open the door.
There is an open translucent door here.
There is an entrance to Doiz's Magic Scroll Shop here.
There is an open translucent door here.
Found a stone staircase leading down.
d - 3 scrolls labelled KESHRI LEBBAIL (gained 1)
e - a white potion No target in view!
f - an amulet of guardian spirit No target in view!
Found a leather armour.
No target in view!
Found a faded altar of an unknown god.
No target in view!
A rat comes into view.
The rat squeaks loudly.
There is an abandoned shop here.
A rat is nearby!
You barely miss the rat. Your grab misses the rat. Your squeeze misses the rat.
A rat is nearby!
You closely miss the rat. You grab the rat.
You constrict the rat, but do no damage.
The rat bites you but does no damage.
You barely miss the rat. You constrict the rat.
You kill the rat!
No target in view!
There is a faded altar of an unknown god here.
This altar belongs to (a) Jiyva, (b) Ru or (c) Yredelemnul, but you can't tell which.
Press the corresponding letter to learn more about a god, or press enter to convert or escape to cancel.
Ru accepts your prayer! Ru welcomes you!
Unknown command.
Press < or > to pray at altars.
Unknown command.
Press < or > to pray at altars.
Are you sure you want to abandon this character and quit the game? (Confirm with "yes".)

####
##..######
##..⌠......
#.h.†#
#..[∩######
#.........#
##
#########.###
## #...# ###
###.# #.#
#.#.###..
###.#.#......
...#.#####.#


There were no monsters in sight!

Vanquished Creatures
  A kobold (D:1)
  A rat (D:1)
2 creatures vanquished.

Notes
Turn   | Place    | Note
-------+----------+-------------------------------------------
     0 | D:1      | Alphaeus the Octopode Shapeshifter began the quest for the
                  | Orb.
     0 | D:1      | Reached XP level 1. HP: 13/13 MP: 1/1
   114 | D:1      | Found Doiz's Magic Scroll Shop.
   165 | D:1      | Found a faded altar of an unknown god.
   174 | D:1      | Prayed at the altar of an unknown god.
   174 | D:1      | Became a worshipper of Ru the Awakened
   175 | D:1      | Quit the game

Illustrated notes

Levels and vault maps discovered:
D:1:      nicolae_arrival_somewhat_less_tricky_arrival, layout_basic,
          serial_shops, nicolae_shop_hallway_plus, nicolae_shop_tiny_glass,
          ebering_ecumenical_altar_abandoned, minmay_pentomino_r2

Action                     || total
---------------------------++-------
  Melee: Unarmed           ||     5
         Constrict         ||     2
 Armour: Skin              ||     2
